 Dungeon Crawl Stone Soup version 0.31.0-11-ge490571c62 (webtiles) character file.

Game seed: 5515612714834881495

32 SnakkuSnakku7 the Ducker (level 3, -7/27 HPs)
             Began as a Merfolk Air Elementalist on Jan 31, 2024.
             Succumbed to a kobold's poison
             ... on level 1 of the Dungeon.
             The game lasted 00:01:50 (804 turns).

SnakkuSnakku7 the Ducker (Merfolk Air Elementalist)  Turns: 804, Time: 00:01:51

Health: -7/27      AC:  6    Str: 10    XL:     3   Next: 25%
Magic:  5/6        EV: 10    Int: 14    God:
Gold:   58         SH:  0    Dex: 14    Spells: 5/6 levels left

rFire   . .          .
                       - Unarmed
rCold   . . .        (no shield)
rNeg    . . .        i - +0 ring mail
rPois   .            (no helmet)
rElec   .            (no cloak)
rCorr   .            f - +0 pair of gloves
SInv    .            (no boots)
Will    +....        (no amulet)
Stlth   +            (no ring)
HPRegen 0.24/turn    (no ring)
MPRegen 0.10/turn

%: no passive effects
@: lethally poisoned (-7 -> -47), enlightened, flying, very slightly
contaminated
A: (nimble swimmer 2), mertail
a: no special abilities


You were on level 1 of the Dungeon.
You visited 1 branch of the dungeon, and saw 1 of its levels.

You collected 58 gold pieces.

Inventory:

Armour
 a - a +0 robe
 f - a +0 pair of gloves (worn)
 i - a +0 ring mail (worn)
Scrolls
 c - a scroll of amnesia {unknown}
 d - a scroll of enchant armour {unknown}
 g - 2 scrolls of identify {unknown}
 h - a scroll of immolation {unknown}
Potions
 b - a potion of magic


   Skills:
 + Level 2.0 Fighting
 - Level 2.6 Dodging
 - Level 2.1 Stealth
 + Level 2.1 Unarmed Combat
 - Level 2.0 Spellcasting
 - Level 0.7 Conjurations
 - Level 2.4 Air Magic


You had 5 spell levels left.
You knew the following spells:

 Your Spells              Type           Power      Damage    Failure   Level
a - Shock                 Conj/Air       20%        1d4       32%         1

Your spell library contained the following spells:

 Spells                   Type           Power      Damage    Failure   Level
 Static Discharge         Conj/Air       10%        3-4/arc   45%         2
 Swiftness                Air            8%         N/A       56%         3
 Airstrike                Air            4%         2d(1-17)  93%         4


Dungeon Overview and Level Annotations

Branches:
Dungeon (1/15)

Altars:


Innate Abilities, Weirdness & Mutations

((You are very nimble when in or above water. (Stealth+, EV+, Speed+++)))
Your lower body shifts to a powerful aquatic tail in water.


Message History

You hit the endoplasm.
You kill the endoplasm!
Found a scroll labelled KIOMPI ARRODD.
g - 2 scrolls labelled KIOMPI ARRODD (gained 1)
A kobold comes into view. It is wielding a +1 dagger of venom.
The kobold shouts!
A kobold is nearby!
An endoplasm comes into view.
The endoplasm quivers.
The kobold hits you but does no damage.
You are poisoned.
You hit the kobold but do no damage.
You feel very sick.
The kobold hits you with a +1 dagger of venom.
You are more poisoned.
You hit the kobold.
The kobold is heavily wounded.
You feel very sick. The kobold hits you but does no damage.
You are lethally poisoned!
You hit the kobold but do no damage.
The kobold is heavily wounded.
You feel very sick.
The kobold hits you with a +1 dagger of venom.
* * * LOW HITPOINT WARNING * * *
You are more poisoned.
Aiming: Shock (safe; 32% risk of failure)
Press: ? - help, Q - select action Shift-Dir - straight line, f - kobold
Aim: a kobold, wielding a +1 dagger of venom (heavily wounded, 55% to hit)
You miscast Shock.
You are very lightly contaminated with residual magic.
Nothing appears to happen.
* * * LOW HITPOINT WARNING * * *
You feel extremely sick. The kobold hits you but does no damage.
You are more poisoned.
It was a potion of enlightenment.
You feel very buoyant.
You fly up into the air.
You die...

##.######.##.#..........#...##.
###...#####.######.#.###.........
.....................###......###
###...#####.####.........#...##
##........# #.....###...###
########## #.....# ##.## #.....#
#..# #.#.### #.## #@#.# #># #K#.#
#.# #J#.# #.# #.#.#####†#
#.#.#.....# #.#.#.##### #.#.#.#
###### #.#.#.## .....# #..#.##


You could see an endoplasm and a kobold.

Vanquished Creatures
  4 dart slugs (D:1)
  4 endoplasms (D:1)
  A hobgoblin (D:1)
  4 quokkas (D:1)
  3 bats (D:1)
  3 goblins (D:1)
  2 kobolds (D:1)
  A rat (D:1)
22 creatures vanquished.

Notes
Turn   | Place    | Note
-------+----------+-------------------------------------------
     0 | D:1      | SnakkuSnakku7 the Merfolk Air Elementalist began the quest
                  | for the Orb.
     0 | D:1      | Reached XP level 1. HP: 13/13 MP: 3/3
   171 | D:1      | Reached skill level 1 in Fighting
   171 | D:1      | Reached skill level 1 in Unarmed Combat
   171 | D:1      | Reached XP level 2. HP: 18/21 MP: 0/5
   525 | D:1      | Reached XP level 3. HP: 27/27 MP: 6/6
   803 | D:1      | HP: 1/27 [poisoned by a kobold]
   804 | D:1      | Succumbed to a kobold's poison

Illustrated notes

Levels and vault maps discovered:
D:1:      minmay_arrival_split_and_join, layout_loops_ring

Skill      XL: |  1  2  3 |
---------------+----------+-----
Fighting       | 1 2 |  2.0
Unarmed Combat | 1 2 |  2.1
Dodging        | |  2.6
Stealth        | |  2.1
Spellcasting   | |  2.0
Conjurations   | |  0.7
Air Magic      | |  2.4

Action                     || total
---------------------------++-------
  Melee: Unarmed           ||   106
         Punch             ||     2
   Cast: Shock             ||    13
    Use: Potion            ||     1
   Stab: Sleeping          ||     2
 Armour: Robe              ||    49
         Ring mail         ||    18
  Dodge: Dodged            ||    49
